 Dungeon Crawl Stone Soup version 0.27.1-33-g824d729ab1 (webtiles) character file.

Game seed: 14706398668626489035

605 jlumianski the Ducker (level 7, -2/52 (54) HPs)
             Began as a Gnoll Monk on Dec 24, 2021.
             Was a Believer of Hepliaklqana.
             Slain by Menkaure (17 damage)
             ... on level 4 of the Dungeon.
             The game lasted 00:12:39 (3834 turns).

jlumianski the Ducker (Gnoll Monk)                  Turns: 3834, Time: 00:12:39

HP:   -2/52 (54)    AC:  6    Str: 12    XL:     7   Next: 42%
MP:   10/10         EV: 11    Int:  9    God:    Hepliaklqana [**....]
Gold: 62            SH:  0    Dex: 15    Spells: 11/11 levels left

rFire    . . .     SeeInvis .   u - +0 war axe
rCold    . . .     Faith    .   (no shield)
rNeg     . . .     Spirit   .   d - +0 scale mail
rPois    .         Reflect  .   (no helmet)
rElec    .         Harm     .   (no cloak)
rCorr    .         Rampage  .   (no gloves)
Will     .....                  (no boots)
Stlth    ++........             (no amulet)
HPRegen  0.17/turn              (no ring)
MPRegen  0.12/turn              (no ring)

@: lightly drained
A: reduced essence, fangs 1, strong nose, distributed training
a: Renounce Religion, Recall Ancestor, Ancestor Identity


You were on level 4 of the Dungeon.
You worshipped Hepliaklqana.
Hepliaklqana was pleased with you.
You visited 2 branches of the dungeon, and saw 6 of its levels.

You collected 62 gold pieces.

Inventory:

Hand Weapons
 a - a +0 hand axe
 l - a +0 hand crossbow
 u - a +0 war axe (weapon)
Missiles
 c - 113 stones (quivered)
 e - 15 bolts
 g - 73 arrows
 j - 41 poisoned darts
 o - 7 boomerangs of dispersal
Armour
 b - a +0 robe
 d - a +0 scale mail (worn)
 f - a +0 ring mail
Magical Staves
 p - a staff of air
Wands
 m - a wand of charming (8)
 n - a wand of polymorph (6)
Scrolls
 h - a scroll of noise
 i - a scroll of torment
 k - a scroll of identify
 q - a scroll of enchant armour {unknown}
Potions
 r - a potion of mutation {unknown}
 s - a potion of attraction {unknown}
 t - a potion of haste
 v - a potion of heal wounds {unknown}


   Skills:
 + Level 7.0 Fighting
 + Level 2.5 Short Blades
 + Level 2.5 Long Blades
 + Level 7.0 Axes
 + Level 2.5 Maces & Flails
 + Level 2.5 Polearms
 + Level 2.5 Staves
 + Level 2.5 Slings
 + Level 2.5 Bows
 + Level 2.5 Crossbows
 + Level 2.5 Throwing
 + Level 2.5 Armour
 + Level 7.0 Dodging
 + Level 4.9 Stealth
 + Level 2.5 Shields
 + Level 2.5 Unarmed Combat
 + Level 2.5 Spellcasting
 + Level 2.0 Conjurations
 + Level 2.0 Hexes
 + Level 2.0 Summonings
 + Level 2.0 Necromancy
 + Level 2.0 Translocations
 + Level 2.0 Transmutations
 + Level 2.0 Fire Magic
 + Level 2.0 Ice Magic
 + Level 2.0 Air Magic
 + Level 2.0 Earth Magic
 + Level 2.0 Poison Magic
 + Level 2.7 Invocations
 + Level 2.5 Evocations


You had 11 spell levels left.
You didn't know any spells.
Your spell library contained the following spells:

 Spells                   Type           Power      Damage    Failure   Level
 Gell's Gravitas          Tloc           2%         N/A       90%         3
 Teleport Other           Tloc           4%         N/A       90%         3
 Dispersal                Tloc           2%         N/A       100%        6


Dungeon Overview and Level Annotations

Branches:
Dungeon (5/15)             Temple (1/1) D:5

Altars:
Cheibriados
Fedhas
Gozag
Hepliaklqana
Kikubaaqudgha
Makhleb
Nemelex Xobeh
Okawaru
Ru
Sif Muna
Trog
Uskayaw
Vehumet
Yredelemnul
Zin
The Shining One

Shops:
D:1 !   D:2 (   D:3 =

Annotations:
D:4 Menkaure


Innate Abilities, Weirdness & Mutations

Your life essence is reduced to manifest your ancestor. (-10% HP)
You have very sharp teeth.
Your uncanny sense of smell can sniff out nearby items.
Your experience applies equally to all skills.


Message History

The goblins go into a battle-frenzy!
Beli-Ashared hits Robin with a +0 quarterstaff!
Robin dies!
You hit the goblin. You bite the goblin.
You kill the goblin!
You closely miss the goblin. You bite the goblin, but do no damage.
The goblin barely misses you.
Menkaure, Prince of Dust comes into view.
Beli-Ashared hits the goblin with a +0 quarterstaff!!
The goblin dies!
Menkaure shouts!
You hit the goblin.
You kill the goblin!
You barely miss the goblin.
Beli-Ashared hits the goblin with a +0 quarterstaff.
The goblin hits Beli-Ashared with a +0 club.
You hit the goblin.
You kill the goblin!
You hit the goblin. The goblin closely misses you.
Menkaure calls on the powers of darkness!
Your body is wracked with pain!
You hit the goblin.
You kill the goblin!
Items here: ))) [[ ††.
You hit Menkaure.
Menkaure is lightly damaged.
Menkaure calls on the powers of darkness!
Your body is wracked with pain!
* * * LOW HITPOINT WARNING * * *
Aiming: Polymorph
Press: ? - help, Shift-Dir - straight line, f - Menkaure
Aim: Menkaure (lightly damaged, ally target, not susceptible)
Okay, then.
Unknown command.
Aiming: Charm
Press: ? - help, Shift-Dir - straight line, f - Menkaure
Aim: Menkaure (lightly damaged, ally target, chance to affect: 52%) Menkaure resists with significant effort.
Menkaure hits you!
You die...

##^.^## ..## ## ##.._^.##
...# #. ##.^.^...##...###
#.##........^##.....
#.#...#####...#.#... g
#.##.'#.#.#'.##..... ..g
#..###..#..###...##.
.....###.R)†.###.....####.
.....'..M@))))............
....g##############.#####^
... ∆ #.#####. . #.##....
#.##.... #.##.... #.##....
#.##.... ..##....


You could see the friendly Beli-Ashared the battlemage, Menkaure (ally target)
and a goblin.

Vanquished Creatures
  A water moccasin zombie (D:5)
  A hound (D:5)
  An iguana (D:3)
  Natasha (D:4)
  2 adders
  A white imp (D:3)
  An adder skeleton (D:2)
  2 worms
  3 dart slugs (D:1)
  3 orcs (D:5)
  A bat (D:1)
  6 endoplasms
  2 giant cockroaches
  10 goblins
  4 hobgoblins
  7 jackals (D:1)
  9 ball pythons
  A frilled lizard (D:1)
  6 kobolds
  9 rats
71 creatures vanquished.

Vanquished Creatures (collateral kills)
  Duvessa (D:4)
  A necrophage (D:5)
  Dowan (D:4)
  A jelly (D:5)
  Natasha (D:4)
  An orc wizard (D:5)
  Robin (D:4)
  An adder (D:4)
  An orc (D:4)
  3 goblins (D:4)
12 creatures vanquished.

Grand Total: 83 creatures vanquished

Notes
Turn   | Place    | Note
-------+----------+-------------------------------------------
     0 | D:1      | jlumianski the Gnoll Monk began the quest for the Orb.
     0 | D:1      | Reached XP level 1. HP: 23/23 MP: 1/1
    83 | D:1      | Found Rutozeag's Distillery.
   114 | D:1      | Reached XP level 2. HP: 29/29 MP: 2/2
   630 | D:1      | Reached XP level 3. HP: 34/35 MP: 3/3
   947 | D:1      | Reached skill level 1 in Invocations
  1338 | D:1      | Found a faded altar of an unknown god.
  1578 | D:2      | Reached skill level 1 in Short Blades
  1578 | D:2      | Reached skill level 1 in Long Blades
  1578 | D:2      | Reached skill level 1 in Maces & Flails
  1578 | D:2      | Reached skill level 1 in Polearms
  1578 | D:2      | Reached skill level 1 in Staves
  1578 | D:2      | Reached skill level 1 in Slings
  1578 | D:2      | Reached skill level 1 in Bows
  1578 | D:2      | Reached skill level 1 in Crossbows
  1578 | D:2      | Reached skill level 1 in Throwing
  1578 | D:2      | Reached skill level 1 in Armour
  1578 | D:2      | Reached skill level 1 in Shields
  1578 | D:2      | Reached skill level 1 in Unarmed Combat
  1578 | D:2      | Reached skill level 1 in Spellcasting
  1578 | D:2      | Reached skill level 1 in Evocations
  1705 | D:2      | Found Zyurar's Weapon Boutique.
  1757 | D:2      | Reached XP level 4. HP: 38/41 MP: 5/5
  2071 | D:3      | Reached skill level 1 in Conjurations
  2071 | D:3      | Reached skill level 1 in Hexes
  2071 | D:3      | Reached skill level 1 in Summonings
  2071 | D:3      | Reached skill level 1 in Necromancy
  2071 | D:3      | Reached skill level 1 in Translocations
  2071 | D:3      | Reached skill level 1 in Transmutations
  2071 | D:3      | Reached skill level 1 in Fire Magic
  2071 | D:3      | Reached skill level 1 in Ice Magic
  2071 | D:3      | Reached skill level 1 in Air Magic
  2071 | D:3      | Reached skill level 1 in Earth Magic
  2071 | D:3      | Reached skill level 1 in Poison Magic
  2749 | D:3      | Found Dantuix's Jewellery Boutique.
  2824 | D:3      | Reached XP level 5. HP: 47/47 MP: 6/6
  2918 | D:3      | Found a bloodstained altar of Trog.
  3004 | D:4      | Noticed Natasha
  3014 | D:4      | Killed Natasha
  3089 | D:4      | Noticed Duvessa
  3096 | D:5      | Entered Level 5 of the Dungeon
  3138 | D:5      | Found an opulent altar of Gozag.
  3370 | D:5      | Reached XP level 6. HP: 51/53 MP: 8/8
  3394 | D:5      | Found a staircase to the Ecumenical Temple.
  3403 | D:5      | Noticed a necrophage
  3411 | Temple   | Entered the Ecumenical Temple
  3467 | Temple   | Became a worshipper of Hepliaklqana the Forgotten
  3467 | Temple   | Reached * piety under Hepliaklqana
  3467 | Temple   | Reached ** piety under Hepliaklqana
  3468 | Temple   | Remembered your ancestor Beli-Ashared as a battlemage
  3502 | D:5      | Killed a necrophage
  3543 | D:4      | Killed Duvessa
  3544 | D:4      | Reached XP level 7. HP: 34/54 MP: 10/10
  3557 | D:4      | Noticed Dowan
  3564 | D:4      | Killed Dowan
  3660 | D:4      | Noticed Natasha
  3666 | D:4      | Killed Natasha
  3783 | D:4      | Found a sparkling altar of Nemelex Xobeh.
  3803 | D:4      | Noticed Robin
  3824 | D:4      | Killed Robin
  3826 | D:4      | Noticed Menkaure
  3834 | D:4      | Slain by Menkaure

Illustrated notes

Levels and vault maps discovered:
D:1:      amcnicky_arrival_abandoned_market, layout_loops_ring, serial_shops,
          shop_statue, dilly_ecumenical_altar_fadedgnrine, nrook_campfire
D:2:      layout_basic, serial_shops, nicolae_shop_behind_doors
D:3:      layout_rooms, lemuel_crystal_altar, serial_shops, shop_fountains
D:4:      layout_basic, nemelex_spade_bored_becter,
          mainiacjoe_overflow_boulevard, uniq_natasha, uniq_duvessa, uniq_robin,
          uniq_menkaure
D:5:      layout_basic, grunt_gozag_breadcrumbs, minmay_temple_entry_slanted
Temple:   dshaligram_water_room_temple

Skill      XL: |  1  2  3  4  5  6  7 |
---------------+----------------------+-----
Invocations    | 1 2 |  2.7
Short Blades   | 1 2 |  2.5
Long Blades    | 1 2 |  2.5
Maces & Flails | 1 2 |  2.5
Polearms       | 1 2 |  2.5
Staves         | 1 2 |  2.5
Slings         | 1 2 |  2.5
Bows           | 1 2 |  2.5
Crossbows      | 1 2 |  2.5
Throwing       | 1 2 |  2.5
Armour         | 1 2 |  2.5
Shields        | 1 2 |  2.5
Unarmed Combat | 1 2 |  2.5
Spellcasting   | 1 2 |  2.5
Evocations     | 1 2 |  2.5
Conjurations   | 1 2 |  2.0
Hexes          | 1 2 |  2.0
Summonings     | 1 2 |  2.0
Necromancy     | 1 2 |  2.0
Translocations | 1 2 |  2.0
Transmutations | 1 2 |  2.0
Fire Magic     | 1 2 |  2.0
Ice Magic      | 1 2 |  2.0
Air Magic      | 1 2 |  2.0
Earth Magic    | 1 2 |  2.0
Poison Magic   | 1 2 |  2.0
Fighting       | 7 |  7.0
Axes           | 7 |  7.0
Dodging        | 7 |  7.0
Stealth        | |  4.9

Action                   |  1- 3 |  4- 6 |  7- 9 || total
-------------------------+-------+-------+-------++-------
Melee: Hand axe          |   123 |    84 |     5 ||   212
       Bite              |    13 |     4 |     4 ||    21
       Punch             |       |     1 |       ||     1
       War axe           |       |       |    18 ||    18
 Fire: Hand crossbow     |       |    26 |       ||    26
Throw: Stone             |     9 |     1 |       ||    10
Invok: Ancestor Life: Ba |       |     1 |       ||     1
Evoke: Wand              |       |       |     1 ||     1
  Use: Scroll            |     2 |       |       ||     2
       Potion            |       |       |     1 ||     1
 Stab: Sleeping          |     6 |       |       ||     6
       Distracted        |       |     1 |       ||     1
Armor: Ring mail         |    18 |       |       ||    18
       Scale mail        |    11 |    33 |     5 ||    49
Dodge: Dodged            |    62 |    40 |     6 ||   108
